 Dungeon Crawl Stone Soup version 0.23-a0-386-g9c9d49f (webtiles) character file.

112 XanderDroid the Chopper (level 4, -17/41 HPs)
             Began as a Hill Orc Monk on Oct 28, 2018.
             Demolished by an ogre
             ... wielding a +0 giant spiked club
              (21 damage)
             ... on level 3 of the Dungeon.
             The game lasted 00:07:11 (2811 turns).

XanderDroid the Chopper (Hill Orc Monk)             Turns: 2811, Time: 00:07:12

Health: -17/41     AC:  9    Str: 14    XL:     4   Next: 95%
Magic:  4/4        EV: 12    Int: 10    God:
Gold:   147        SH:  0    Dex: 18    Spells: 3/3 levels left

rFire    . . .     SeeInvis .   a - +0 hand axe
rCold    . . .     Gourm    .   (no shield)
rNeg     . . .     Faith    .   d - +0 chain mail (curse)
rPois    .         Spirit   .   (no helmet)
rElec    .         Reflect  .   (no cloak)
rCorr    .         Harm     .   (no gloves)
MR       .....                  l - +0 pair of boots
Stlth    ..........             (no amulet)
HPRegen  0.13/turn              (no ring)
MPRegen  0.09/turn              (no ring)

@: agile
A: no striking features
a: no special abilities


You were on level 3 of the Dungeon.
You were not hungry.

You visited 1 branch of the dungeon, and saw 4 of its levels.

You collected 147 gold pieces.

Inventory:

Hand Weapons
 a - a +0 hand axe (weapon)
Armour
 b - a +0 scale mail
 d - a cursed +0 chain mail (worn)
 l - a +0 pair of boots (worn)
Scrolls
 e - 3 scrolls of identify {unknown}
 f - a scroll of teleportation {unknown}
 h - 3 scrolls of enchant armour {unknown}
 i - a scroll of enchant weapon {unknown}
Potions
 g - 2 potions of magic {unknown}
 j - a potion of flight {unknown}
 k - a potion of ambrosia {unknown}
 m - a potion of agility
Comestibles
 c - 6 rations


   Skills:
 + Level 4.5 Fighting
 * Level 5.8 Axes
 + Level 2.1 Armour
 - Level 2.4 Dodging
 - Level 1.5 Stealth


You had 3 spell levels left.
You didn't know any spells.
Your spell library was empty.

Dungeon Overview and Level Annotations

Branches:
Dungeon (4/15)
 Temple: D:4-7

Altars:
Ashenzari
Dithmenos
Sif Muna
Wu Jian


Message History

The phantom is moderately damaged.
The phantom hits you.
The phantom blinks!
The phantom blinks!
There is a stone staircase leading up here.
The ogre hits you with a +0 giant spiked club!
You climb upwards.
There is a stone staircase leading down here.
It was a potion of agility.
You feel agile all of a sudden.
The ogre hits you with a +0 giant spiked club.
You hit the ogre but do no damage.
The ogre hits you with a +0 giant spiked club!
* * * LOW HITPOINT WARNING * * *
You hit the ogre.
The ogre is lightly wounded.
You hit the ogre.
The ogre is moderately wounded.
The ogre hits you with a +0 giant spiked club!!
Ouch! That really hurt!
You die...

##.##.# #.# #..#.#
### ##.#.# #.#.#
#...# ##..# #..#
###########.#
#########.......@O.>#
........#>###########
........#.#
############
........#.#
#.รท........#
........#.#
#.########.#
........#.# #.# #.#
........#.# #.#
##.### ........#.#
#.# #....#
........#.# #.#
#....#


You could see an ogre.

Vanquished Creatures
  A hound (D:2)
  2 adders
  A dart slug (D:1)
  3 leopard geckos
  A ball python (D:3)
  3 giant cockroaches
  4 goblins
  8 hobgoblins
  7 jackals
  10 kobolds
  6 bats
  A frilled lizard (D:1)
  7 rats
54 creatures vanquished.

Notes
Turn   | Place    | Note
-------+----------+-------------------------------------------
     0 | D:1      | XanderDroid the Hill Orc Monk began the quest for the Orb.
     0 | D:1      | Reached XP level 1. HP: 19/19 MP: 1/1
   102 | D:1      | Reached XP level 2. HP: 20/27 MP: 2/2
   355 | D:1      | Reached skill level 1 in Armour
   507 | D:1      | Reached XP level 3. HP: 26/33 MP: 3/3
   811 | D:1      | You fall through a shaft!
   843 | D:2      | Reached skill level 5 in Axes
   850 | D:2      | Reached XP level 4. HP: 36/40 MP: 4/4
  1784 | D:3      | Found an ornate altar of the Wu Jian Council.
  1848 | D:3      | Found a deep blue altar of Sif Muna.
  2065 | D:3      | Found a shadowy altar of Dithmenos.
  2523 | D:4      | Noticed an ogre
  2544 | D:4      | Noticed a phantom
  2761 | D:4      | Found a shattered altar of Ashenzari.
  2811 | D:3      | Demolished by an ogre

Vault maps used:
D:1:      dpeg_arrival_refuge
D:2:      serial_forest, infiniplex_forest_clump_double,
          infiniplex_forest_clump_medium, infiniplex_forest_clump_curved,
          infiniplex_forest_lined_room_2, infiniplex_forest_clump_tiny
D:3:      grunt_dithmenos_smoke_and_mirrors, led_sif_pool, lemuel_crystal_altar
D:4:      cheibrodos_ashenzari_chains, first_ration

Skill      XL: |  1  2  3  4 |
---------------+-------------+-----
Armour         | 1 2 |  2.1
Fighting       | 4 |  4.5
Axes           | 5 |  5.8
Dodging        | |  2.4
Stealth        | |  1.5

Action                   |  1- 3 |  4- 6 || total
-------------------------+-------+-------++-------
Melee: Hand axe          |   112 |   130 ||   242
  Use: Potion            |       |     1 ||     1
  Eat: Chunk             |       |     6 ||     6
Armor: Chain mail        |    90 |    72 ||   162
       Robe              |     1 |       ||     1
Dodge: Dodged            |    56 |    46 ||   102

Table legend:
 A = Non-vault XP
 B = Vault XP
 C = Vault XP percentage of total XP
 D = Non-vault monster count
 E = Vault monster count
 F = Vault count percentage of total count
                 A         B        C        D         E       F
            +---------+---------+-------+---------+---------+-------
      Total |     161 |       0 |   0.0 |      54 |       0 |   0.0
            +---------+---------+-------+---------+---------+-------
        D:1 |      57 |       0 |   0.0 |      28 |       0 |   0.0
        D:2 |      76 |       0 |   0.0 |      12 |       0 |   0.0
        D:3 |      23 |       0 |   0.0 |      12 |       0 |   0.0
        D:4 |       5 |       0 |   0.0 |       2 |       0 |   0.0
            +---------+---------+-------+---------+---------+-------
